 Dungeon Crawl Stone Soup version 0.30.0-21-gd299b56b3f (webtiles) character file.

Game seed: 670078798706491587

76 qw the Chopper (level 4, 0/28 HPs)
             Began as a Gargoyle Fighter on June 2, 2023.
             Killed by divine providence
             ... invoked by an orc priest
              (11 damage)
             ... on level 3 of the Dungeon.
             The game lasted 00:00:57 (1609 turns).

qw the Chopper (Gargoyle Fighter)                   Turns: 1609, Time: 00:00:57

Health: 0/28       AC: 10    Str: 21    XL:     4   Next: 32%
Magic:  4/4        EV:  9    Int:  9    God:
Gold:   70         SH:  4    Dex:  9    Spells: 3/3 levels left

rFire   . . .        Y - +0 war axe
rCold   . . .        c - +0 buckler
rNeg    + . .        b - +0 scale mail
rPois   inf          (no helmet)
rElec   +            (no cloak)
rCorr   .            (no gloves)
SInv    .            (no boots)
Will    .....        i - amulet of faith Stlth
                     (no ring)
HPRegen 0.24/turn    (no ring)
MPRegen 0.09/turn

%: faith
@: no status effects
A: sickness immunity, AC +3, negative energy resistance 1, electricity
resistance, torment resistance 1, petrification resistance
a: no special abilities


You were on level 3 of the Dungeon.
You visited 1 branch of the dungeon, and saw 3 of its levels.

You collected 70 gold pieces.


Innate Abilities, Weirdness & Mutations

You are immune to sickness and miasma.
Your stone body is resilient. (AC +3)
You are immune to poison.
You resist negative energy. (rN+)
You are resistant to electric shocks. (rElec)
You are resistant to unholy torment.
You are immune to petrification.


   Skills:
 - Level 3.2 Fighting
 + Level 4.0 Axes
 - Level 3.2 Armour
 - Level 3.2 Shields


You had 3 spell levels left.
You didn't know any spells.
Your spell library was empty.

Inventory:

Hand Weapons
 n - a +0 flail
 Y - a +0 war axe (weapon)
Missiles
 e - 6 boomerangs (quivered)
Armour
 b - a +0 scale mail (worn)
 c - a +0 buckler (worn)
 h - a +0 chain mail
Jewellery
 i - an amulet of faith (around neck)
Scrolls
 a - a scroll of fear {unknown}
 l - a scroll of identify
 m - a scroll of enchant armour {unknown}
Potions
 d - 2 potions of might
 f - 2 potions of heal wounds
 g - a potion of curing {unknown}
 j - a potion of degeneration {unknown}
 k - a potion of haste {unknown}
 o - a potion of mutation {unknown}

Dungeon Overview and Level Annotations

Branches:
Dungeon (3/15)

Altars:
Wu Jian


Message History

Deactivating autopickup; reactivate with Ctrl-A.
The orc priest hits you with a +0 hand axe.
An orc comes into view. It is wielding a +0 dagger.
You hit the orc priest but do no damage.
You barely miss the orc. You block the orc priest's attack.
You closely miss the orc priest. You slash the orc!
You kill the orc!
You closely miss the orc.
The orc priest hits you but does no damage.
The orc hits you but does no damage. The orc closely misses you.
You block the orc priest's attack.
You barely miss the orc priest. You hit something but do no damage.
You hit the orc but do no damage. Something hits you.
The orc priest barely misses you. The orc barely misses you.
You slash the orc priest!
The orc priest is severely wounded.
You closely miss something. You barely miss the orc. Something hits you.
The orc priest hits you but does no damage.
The orc hits you but does no damage.
You hit the orc priest.
The orc priest is almost dead.
You slash something! You closely miss the orc.
Something hits you but does no damage. The orc hits you but does no damage.
The orc priest hits you but does no damage.
You barely miss the orc priest.
The orc priest is almost dead.
You slash the orc!
You kill the orc!
You miss something. Something hits you but does no damage. Something hits you.
You block the orc priest's attack.
You barely miss the orc priest.
The orc priest is almost dead.
You closely miss something. You hit the orc but do no damage.
The orc hits you but does no damage. Something hits you but does no damage.
The orc priest mumbles some strange prayers to Beogh against you.
Beogh smites you!
You die...

#.####
#....## ..
##.....#
... ......#
#..##.....
#..#..:..
......{o#
#..o@#
##.#.# ##
..##$..# #.
..###..####
#.#.###..#
#.....#
#.#.#....#
#..##.#
#.#......
#..# #
#.#.....
#..#
#.##..#
#..#


You could see an orc priest and an orc.

Vanquished Creatures
  An adder (D:2)
  5 dart slugs
  2 orcs (D:3)
  4 bats
  7 endoplasms
  4 giant cockroaches
  5 goblins (D:1)
  4 hobgoblins
  5 kobolds
  A quokka (D:1)
  5 ball pythons
  3 frilled lizards
  5 rats
51 creatures vanquished.

Notes
Turn   | Place    | Note
-------+----------+-------------------------------------------
     0 | D:1      | qw the Gargoyle Fighter began the quest for the Orb.
     0 | D:1      | Reached XP level 1. HP: 14/14 MP: 1/1
     0 | D:1      | 0 ||| qw: Version: 0.2-a-102-gdf20003
     0 | D:1      | 0 ||| qw: Game counter: 853
     0 | D:1      | 0 ||| qw: Always use a shield: true
     0 | D:1      | 0 ||| qw: God list: Okawaru
     0 | D:1      | 0 ||| qw: Allow faded altars: false
     0 | D:1      | 0 ||| qw: Do Orc after D:15 true
     0 | D:1      | 0 ||| qw: Do second Lair branch before Depths: true
     0 | D:1      | 0 ||| qw: Lair rune preference: random
     0 | D:1      | 0 ||| qw: Plans: Normal, Zot:1-4, Slime:5, God:TSO, Crypt,
                  | Tomb, Pan, Hells, Abyss, Win
     0 | D:1      | 0 ||| PLANNING D:1-11
    31 | D:1      | Reached skill level 2 in Axes
    34 | D:1      | 34 ||| Stepping ~*~*~tactically~*~*~ (stealth).
    36 | D:1      | 36 ||| Stepping ~*~*~tactically~*~*~ (hiding).
    37 | D:1      | 37 ||| Stepping ~*~*~tactically~*~*~ (hiding).
    41 | D:1      | Reached XP level 2. HP: 19/19 MP: 2/2
   299 | D:1      | Found a faded altar of an unknown god.
   307 | D:1      | Reached skill level 3 in Axes
   344 | D:1      | Reached XP level 3. HP: 23/23 MP: 3/3
   710 | D:1      | 710 ||| UPGRADING to amulet of faith.
   715 | D:1      | 715 ||| READING scroll labelled INEENEC TILOWN.
   716 | D:1      | 716 ||| READING 2 scrolls labelled FYUNUUSIAGG.
   717 | D:1      | 717 ||| READING scroll labelled CESYIGGEDOF.
   718 | D:1      | 718 ||| DROPPING scroll of vulnerability.
   745 | D:2      | 745 ||| STAIRDANCE
   763 | D:2      | 763 ||| STAIRDANCE
   907 | D:2      | Reached XP level 4. HP: 27/28 MP: 4/4
  1198 | D:2      | 1198 ||| DROPPING +0 club.
  1304 | D:2      | Reached skill level 4 in Axes
  1393 | D:2      | 1393 ||| DROPPING amulet of magic regeneration.
  1394 | D:2      | 1394 ||| READING 2 scrolls labelled NEITAZ YBUTZ.
  1395 | D:2      | 1395 ||| READING scroll labelled GUSERA POAZUIW.
  1396 | D:2      | 1396 ||| DRINKING 3 sedimented sapphire potions.
  1397 | D:2      | 1397 ||| DROPPING scroll of poison.
  1426 | D:3      | 1426 ||| STAIRDANCE
  1453 | D:3      | Found an ornate altar of the Wu Jian Council.
  1600 | D:3      | 1600 ||| Stepping ~*~*~tactically~*~*~ (hiding).
  1609 | D:3      | Killed from afar by an orc priest

Levels and vault maps discovered:
D:1:      erik_arrival_cave_to_civilisation [erik_arrival_cave_to_hall],
          layout_loops_ring, chequers_ecumenical_altar_twisty
D:2:      layout_basic, minmay_tetromino_s2
D:3:      layout_loops_ring, mainiacjoe_overflow_boulevard,
          minmay_misc_feat_square

Skill      XL: |  1  2  3  4 |
---------------+-------------+-----
Axes           | 2 3 4 |  4.0
Fighting       | |  3.2
Armour         | |  3.2
Shields        | |  3.2

Action                     |  1- 3 |  4- 6 || total
---------------------------+-------+-------++-------
  Melee: War axe           |   108 |    31 ||   139
    Use: Scroll            |     3 |     2 ||     5
         Potion            |       |     1 ||     1
 Armour: Scale mail        |    49 |    26 ||    75
  Dodge: Dodged            |    52 |    10 ||    62
  Block: Buckler           |    16 |     5 ||    21

Table legend:
 A = Non-vault XP
 B = Vault XP
 C = Vault XP percentage of total XP
 D = Non-vault monster count
 E = Vault monster count
 F = Vault count percentage of total count
                 A         B        C        D         E       F
            +---------+---------+-------+---------+---------+-------
      Total |     102 |       7 |   6.4 |      48 |       3 |   5.9
            +---------+---------+-------+---------+---------+-------
        D:1 |      59 |       5 |   7.8 |      32 |       2 |   5.9
        D:2 |      36 |       2 |   5.3 |      13 |       1 |   7.1
        D:3 |       7 |       0 |   0.0 |       3 |       0 |   0.0
            +---------+---------+-------+---------+---------+-------
